 Dungeon Crawl Stone Soup version 0.29.1-1-gd02db6906a (webtiles) character file.

Game seed: 10663636299319554290

9961 RascalDebosk the Jinx (level 11, 0/54 HPs)
             Began as a Deep Elf Conjurer on Oct 8, 2022.
             Was an Initiate of Gozag.
             Slain by a troll (9 damage)
             ... on level 11 of the Dungeon.
             The game lasted 01:43:59 (12115 turns).

RascalDebosk the Jinx (Deep Elf Conjurer)          Turns: 12115, Time: 01:44:00

Health: 0/54       AC: 14    Str:  4    XL:     11   Next: 29%
Magic:  1/25       EV: 11    Int: 28    God:    Gozag
Gold:   1539       SH:  0    Dex: 13    Spells: 1/26 levels left

rFire   . . .      SeeInvis .   b - +1 whip (elec)
rCold   . . .      Faith    .   (no shield)
rNeg    . . .      Spirit   .   p - +3 leather armour {Will+}
rPois   .          Reflect  .   D - +2 hat
rElec   .          Harm     .   c - +1 cloak
rCorr   .          Rampage  .   (no gloves)
Will    ++...                   (no boots)
Stlth   ++........              f - amulet of regeneration
HPRegen 0.98/turn               e - +4 ring of protection
MPRegen 0.19/turn               J - ring of wizardry

@: invisible, very slow
A: no striking features
a: Renounce Religion, Potion Petition, Call Merchant, Bribe Branch


You were on level 11 of the Dungeon.
You worshipped Gozag.
Gozag was most pleased with you.
You visited 2 branches of the dungeon, and saw 12 of its levels.
You also visited: Ossuary.

You collected 1642 gold pieces.
You paid 103 gold pieces to Gozag.

Inventory:

Hand Weapons
 b - a +1 whip of electrocution (weapon)
 l - a +2 short sword of venom
 s - the +8 dagger of Juthri {vorpal, rPois rF- Will- Dex+7}
   (You found it on level 2 of the Dungeon)

   It inflicts extra damage upon your enemies.
   Dex:       It affects your dexterity (+7).
   rF:        It makes you vulnerable to fire.
   rPois:     It protects you from poison.
   Will:      It decreases your willpower.
Missiles
 A - a throwing net {@!f}
Armour
 c - a +1 cloak (worn)
 p - a +3 leather armour of willpower (worn)
 D - a +2 hat (worn)
Magical Staves
 j - a staff of poison
 x - a staff of earth
Jewellery
 e - a +4 ring of protection (left hand)
 f - an amulet of regeneration (around neck)
 w - a +6 ring of strength
 J - a ring of wizardry (right hand)
Wands
 h - a wand of charming (5)
 u - a wand of mindburst (23)
 y - a wand of quicksilver (8)
Scrolls
 a - 2 scrolls of magic mapping
 m - 2 scrolls of vulnerability
 r - a scroll of butterflies
 t - 4 scrolls of teleportation
 C - a scroll of poison
 H - a scroll of amnesia
Potions
 d - 3 potions of attraction
 g - 6 potions of flight
 k - 2 potions of curing
 n - a potion of haste
 o - 5 potions of heal wounds
 q - a potion of resistance {unknown}
 v - a potion of invisibility
 z - a potion of degeneration {unknown}
 B - 2 potions of brilliance
 E - a potion of mutation {unknown}
 G - a potion of cancellation {unknown}
 K - 2 potions of lignification {unknown}
Miscellaneous
 F - a phial of floods (inert)


   Skills:
 - Level 4.0 Armour
 - Level 2.4 Dodging
 - Level 5.1 Stealth
 - Level 8.0 Spellcasting
 + Level 10.9 Conjurations
 + Level 11.8 Hexes
 + Level 10.0 Translocations


You had one spell level left.
You knew the following spells:

 Your Spells              Type           Power      Damage    Failure   Level
a - Magic Dart            Conj           100%       1d8       1%          1
b - Searing Ray           Conj           100%       2d8       1%          2
c - Fulminant Prism       Conj/Hex       33%        3d16      1%          4
d - Iskenderun's Mystic   Conj/Tloc      63%        2d13      1%          4
e - Gell's Gravitas       Tloc           61%        N/A       1%          3
f - Slow                  Hex            100%       N/A       1%          1
g - Tukima's Dance        Hex            67%        N/A       1%          3
h - Mephitic Cloud        Conj/Pois/Air  31%        N/A       2%          3
i - Flame Wave            Conj/Fire      41%        2d11      3%          4

Your spell library contained the following spells:

 Spells                   Type           Power      Damage    Failure   Level
 Ensorcelled Hibernation  Hex/Ice        88%        N/A       1%          2
 Dazzling Flash           Conj/Hex       100%       N/A       1%          3
 Teleport Other           Tloc           61%        N/A       1%          3
 Passage of Golubria      Tloc           61%        N/A       1%          4
 Anguish                  Hex/Necr       22%        N/A       2%          4
 Call Imp                 Summ           11%        N/A       4%          2
 Sublimation of Blood     Necr           11%        N/A       4%          2
 Silence                  Hex/Air        22%        N/A       9%          5
 Summon Mana Viper        Hex/Summ       44%        N/A       9%          5
 Dispersal                Tloc           30%        N/A       9%          6
 Frozen Ramparts          Ice            22%        1d4       10%         3
 Fireball                 Conj/Fire      20%        3d10      10%         5
 Irradiate                Conj/Tmut      20%        3d18      10%         5
 Summon Forest            Summ/Tloc      19%        N/A       12%         5
 Ice Form                 Ice/Tmut       11%        N/A       32%         4
 Petrify                  Tmut/Erth      11%        N/A       32%         4
 Summon Ice Beast         Ice/Summ       11%        N/A       32%         4
 Lee's Rapid Deconstruct  Erth           5%         3d7*      63%         5
 Summon Cactus Giant      Summ           5%         N/A       99%         6
 Lehudib's Crystal Spear  Conj/Erth      20%        10d6      100%        8


Dungeon Overview and Level Annotations

Branches:
Dungeon (11/15)            Temple (1/1) D:6             Orc (0/2) D:9
Ossuary (visited)
   Lair: D:8-11

Altars:
Ashenzari
Cheibriados
Dithmenos
Elyvilon
Fedhas
Gozag
Hepliaklqana
Kikubaaqudgha
Makhleb
Nemelex Xobeh
Okawaru
Qazlal
Ru
Sif Muna
Trog
Uskayaw
Vehumet
Wu Jian
Xom
Yredelemnul
Zin
The Shining One

Shops:
D:3 *


Message History

A troll comes into view.
You see here 14 gold pieces.
You now have 1519 gold pieces (gained 14).
Aiming: Magic Dart (safe; 1% risk of failure)
Press: ? - help, Q - select action, (/) - cycle Shift-Dir - straight line, f - troll
Aim: a troll (100% to hit)
The magic dart hits the troll.
The troll is lightly wounded.
Aiming: Magic Dart (safe; 1% risk of failure)
Press: ? - help, Q - select action, (/) - cycle Shift-Dir - straight line, f/p - troll
Aim: a troll (lightly wounded, 100% to hit)
The magic dart hits the troll.
The troll is moderately wounded.
Casting: Magic Dart (safe; 1% risk of failure)
Confirm with . or Enter, or press ? or * to list all spells.
Casting: Flame Wave (dangerous; 3% risk of failure)
Press: ? - help, Dir - look around, f - activate A wave of flame ripples out! (Press . to intensify the flame waves.)
* * * LOW MAGIC WARNING * * *
A wave of flame ripples out!
The flame wave engulfs the troll!
The troll is heavily wounded.
* * * LOW MAGIC WARNING * * *
A wave of flame ripples out!
The flame wave engulfs the troll!
The troll is almost dead.
* * * LOW MAGIC WARNING * * *
You finish channelling waves of flame.
The troll bites you but does no damage. The troll barely misses you.
The troll claws you.
Casting: Flame Wave (dangerous; 3% risk of failure)
Confirm with . or Enter, or press ? or * to list all spells.
You erupt in a blast of force!
The mystic blast hits the troll!!
You kill the troll!
* * * LOW MAGIC WARNING * * *
Your Translocations skill increases to level 10!
You now have 1539 gold pieces (gained 20).
HP restored.
A troll comes into view.
Aiming: Magic Dart (safe; 1% risk of failure)
Press: ? - help, Q - select action, (/) - cycle Shift-Dir - straight line, f - troll
Aim: a troll (wandering, hasn't noticed you, 100% to hit)
The magic dart hits the troll.
The troll is lightly wounded.
* * * LOW MAGIC WARNING * * *
Aiming: Magic Dart (safe; 1% risk of failure)
Press: ? - help, Q - select action, (/) - cycle Shift-Dir - straight line, f/p - troll
Aim: a troll (lightly wounded, 100% to hit)
The magic dart hits the troll.
The troll is lightly wounded.
* * * LOW MAGIC WARNING * * *
Aiming: Magic Dart (safe; 1% risk of failure)
Press: ? - help, Q - select action, (/) - cycle Shift-Dir - straight line, f/p - troll
Aim: a troll (lightly wounded, 100% to hit)
The magic dart hits the troll but does no damage.
The troll is lightly wounded.
* * * LOW MAGIC WARNING * * *
Casting: Magic Dart (safe; 1% risk of failure)
Confirm with . or Enter, or press ? or * to list all spells.
Casting: Flame Wave (dangerous; 3% risk of failure)
Press: ? - help, Dir - look around, f - activate A wave of flame ripples out! (Press . to intensify the flame waves.)
* * * LOW MAGIC WARNING * * *
A wave of flame ripples out!
The flame wave engulfs the troll!
The troll is moderately wounded.
* * * LOW MAGIC WARNING * * *
The troll bites you. The troll closely misses you. x2
A wave of flame ripples out!
The flame wave engulfs the troll!
The troll is severely wounded.
* * * LOW MAGIC WARNING * * *
You finish channelling waves of flame.
The troll barely misses you. The troll claws you! The troll barely misses you.
Casting: Flame Wave (dangerous; 3% risk of failure)
Confirm with . or Enter, or press ? or * to list all spells.
You don't have enough magic to cast this spell.
The troll attacks as you move away! The troll bites you! The troll claws you!
* * * LOW HITPOINT WARNING * * *
The troll claws you.
* * * LOW HITPOINT WARNING * * *
Aim the phial where?
Press: ? - help, Shift-Dir - straight line, f - troll
Aim: a troll (heavily wounded)
The torrent of water hits the troll!
The troll is severely wounded.
The wave splashes down.
Splash!
You fall into the shallow water.
Moving in this stuff is going to be slow.
The troll is engulfed in water.
You hear a bellow!
You hear a shout!
The troll bites you!
* * * LOW HITPOINT WARNING * * *
The troll claws you but does no damage. The troll misses you.
You fade into invisibility!
The troll bites you.
* * * LOW HITPOINT WARNING * * *
The troll claws you.
* * * LOW HITPOINT WARNING * * *
The troll claws you!
You die...
Your body crumbles into a pile of gold.

# #..........# #.##
#..........# #...#
#####.......<..#
#.<##.............##
#....###..........#
##..####..........#
#.................#
#..#####~..........#
#.##.~T@~........<.#
......#####........##
....## ##......# ....
##### ..#


You could see a troll (waterlogged).

Vanquished Creatures
  A hydra (D:10)
  4 two-headed ogres
  A gargoyle (D:10)
  A komodo dragon (shapeshifter) (D:10)
  A hornet (D:8)
  Grinder (D:5)
  4 trolls
  2 shadows
  A wraith (D:10)
  4 yaks
  2 wyverns (D:9)
  3 steam dragons
  An acid dragon (D:10)
  2 orc warriors
  2 ice beasts
  A sky beast (D:7)
  2 ogres
  2 centaurs
  A kobold brigand (D:7)
  An elf zombie (Ossuary)
  2 necrophages
  5 bullfrogs
  A scorpion (D:6)
  11 wights
  5 killer bees
  3 howler monkeys (D:9)
  4 hounds
  6 orc priests
  A gnoll bouda (D:5)
  2 jellies (D:4)
  3 iguanas
  8 orc wizards
  4 mummies (Ossuary)
  3 adders
  8 gnolls
  An ufetubus (D:6)
  3 worms (D:3)
  2 dart slugs
  29 orcs
  11 ball pythons
  3 endoplasms (D:3)
  2 giant cockroaches (D:2)
  8 hobgoblins
  8 jackals
  4 bats
  A frilled lizard (D:3)
  2 gnoll zombies (Ossuary)
  5 goblins
  2 goblin zombies (Ossuary)
  4 hobgoblin zombies (Ossuary)
  14 kobolds
  3 orc zombies (Ossuary)
  6 rats
211 creatures vanquished.

Vanquished Creatures (collateral kills)
  An orc warrior (D:10)
  An orc wizard (D:10)
2 creatures vanquished.

Vanquished Creatures (others)
  22 fulminant prisms
  9 plants (D:11)
  5 withered plants (D:6)
36 creatures vanquished.

Grand Total: 249 creatures vanquished

Notes
Turn   | Place    | Note
-------+----------+-------------------------------------------
     0 | D:1      | RascalDebosk the Deep Elf Conjurer began the quest for the
                  | Orb.
     0 | D:1      | Reached XP level 1. HP: 10/10 MP: 6/6
   478 | D:1      | Found a faded altar of an unknown god.
   553 | D:1      | Reached XP level 2. HP: 15/15 MP: 4/8
   836 | D:1      | Reached skill level 1 in Hexes
   932 | D:1      | Learned a level 2 spell: Searing Ray
  1340 | D:2      | Reached skill level 1 in Translocations
  1814 | D:2      | Reached XP level 3. HP: 19/19 MP: 9/9
  1841 | D:2      | Identified the +8 dagger of Juthri {vorpal, rPois rF- Will-
                  | Dex+7}
  2217 | D:3      | Found an opulent altar of Gozag.
  2461 | D:3      | Found a burning altar of Makhleb.
  2554 | D:3      | Found Gozag's Platinum Reserve.
  2559 | D:3      | Reached skill level 2 in Hexes
  2817 | D:3      | Reached XP level 4. HP: 24/24 MP: 8/11
  2961 | D:3      | Found a shimmering altar of Xom.
  3326 | D:4      | Reached skill level 5 in Conjurations
  3411 | D:4      | Reached XP level 5. HP: 28/28 MP: 9/13
  3416 | D:4      | Learned a level 4 spell: Fulminant Prism
  3421 | D:4      | Learned a level 4 spell: Iskenderun's Mystic Blast
  3452 | D:4      | Noticed an ogre
  3461 | D:4      | Killed an ogre
  3462 | D:4      | Reached skill level 3 in Hexes
  3803 | D:4      | Reached XP level 6. HP: 28/32 MP: 1/14
  4257 | D:4      | Identified the +0 robe "Aqito" {Rampage Int+4}
  4515 | D:5      | Entered Level 5 of the Dungeon
  4552 | D:5      | Reached skill level 5 in Spellcasting
  4756 | D:5      | Reached skill level 4 in Hexes
  4762 | D:5      | Reached XP level 7. HP: 32/36 MP: 1/16
  4931 | D:5      | Reached skill level 5 in Stealth
  4935 | D:5      | Learned a level 3 spell: Gell's Gravitas
  5122 | D:5      | Noticed Grinder
  5142 | D:5      | Paralysed by Grinder for 2 turns
  5144 | D:5      | Killed Grinder
  5145 | D:5      | Reached skill level 5 in Hexes
  5182 | D:5      | Found a hazy altar of Hepliaklqana.
  5459 | D:6      | Reached XP level 8. HP: 41/41 MP: 3/19
  5690 | D:6      | Found a staircase to the Ecumenical Temple.
  5697 | Temple   | Entered the Ecumenical Temple
  5725 | D:6      | Reached skill level 6 in Hexes
  5771 | D:6      | Reached skill level 5 in Translocations
  5854 | D:3      | Became a worshipper of Gozag Ym Sagoz the Greedy
  6202 | D:6      | Found an ancient bone altar of Kikubaaqudgha.
  6443 | D:7      | Reached skill level 7 in Hexes
  6566 | D:6      | Reached XP level 9. HP: 45/45 MP: 11/23
  6841 | D:7      | Found a sand-covered staircase.
  6850 | Ossuary  | Entered an ossuary
  7273 | D:7      | Reached skill level 1 in Armour
  7722 | D:7      | Found an ornate altar of the Wu Jian Council.
  7725 | D:7      | Found a blossoming altar of Fedhas.
  7727 | D:7      | Found a radiant altar of Vehumet.
  8007 | D:8      | Reached skill level 8 in Hexes
  8837 | D:8      | Noticed a two-headed ogre
  8848 | D:8      | Killed a two-headed ogre
  8849 | D:8      | Reached skill level 9 in Hexes
  8849 | D:8      | Reached XP level 10. HP: 32/50 MP: 10/24
  9066 | D:8      | Found a glowing golden altar of the Shining One.
  9252 | D:9      | Identified a scroll of acquirement
  9252 | D:9      | Acquired Locw's Directory of Bewitching Kindling
  9315 | D:9      | Found a staircase to the Orcish Mines.
  9511 | D:9      | Learned a level 1 spell: Slow
  9515 | D:9      | Learned a level 3 spell: Tukima's Dance
  9519 | D:9      | Learned a level 3 spell: Mephitic Cloud
  9853 | D:9      | You fall into a shaft and drop 1 floor!
  9853 | D:10     | Entered Level 10 of the Dungeon
 10103 | D:10     | Learned a level 4 spell: Flame Wave
 10140 | D:10     | Noticed a five-headed hydra
 10236 | D:10     | Killed a five-headed hydra
 10237 | D:10     | Reached skill level 10 in Hexes
 10520 | D:10     | Reached skill level 10 in Conjurations
 10520 | D:10     | Noticed a two-headed ogre
 10523 | D:10     | Noticed a two-headed ogre
 10534 | D:10     | Noticed a two-headed ogre
 10607 | D:10     | Killed a two-headed ogre
 10616 | D:10     | Killed a two-headed ogre
 10617 | D:10     | Reached skill level 11 in Hexes
 10617 | D:10     | Reached XP level 11. HP: 54/54 MP: 4/25
 10767 | D:10     | Identified the +0 scale mail "Dotainut" {rElec rF- rC+}
 10785 | D:10     | Killed a two-headed ogre
 11296 | D:10     | Found a shimmering blue altar of Sif Muna.
 11702 | D:10     | Identified the +1 chain mail of Filth {Dex+3}
 12081 | D:11     | Reached skill level 10 in Translocations
 12115 | D:11     | Slain by a troll

Illustrated notes

Levels and vault maps discovered:
D:1:      giann_forest_graveyard, layout_basic,
          ebering_ecumenical_altar_abandoned
D:2:      layout_basic, minmay_3d_cube
D:3:      layout_basic, lemuel_tele_altar, bloody_makhleb,
          nicolae_gozag_zags_fifth_avenue, minmay_cupped
D:4:      layout_basic, serial_glass, glass_columns_c, glass_columns_a,
          kennysheep_generic_room_14
D:5:      layout_cave_pools, mainiacjoe_overflow_paths,
          kennysheep_generic_room_2, uniq_grinder
D:6:      layout_rooms, kiku_gazebo_garden_becter, minmay_temple_entry_mist
D:7:      layout_basic, grunt_temple_overflow_diamond,
          nicolae_ossuary_entry_ruins
D:8:      layout_basic, mainiacjoe_overflow_brackets
D:9:      layout_roguey, orc_0_dummy, dk_noncrumbling_2
D:10:     nzn_winding_woodlands_medium [nzn_winding_woodlands_5x5_three,
          nzn_winding_woodlands_5x15_pockets,
          nzn_winding_woodlands_5x5_closed_star,
          nzn_winding_woodlands_hourglass,
          nzn_winding_woodlands_center_diamonds,
          nzn_winding_woodlands_5x5_cross, nzn_winding_woodlands_5x5_open_star,
          nzn_winding_woodlands_5x15_pathside_ponds,
          nzn_winding_woodlands_5x5_checkerboard], layout_gridville,
          nicolae_overflow_crystal_walls
D:11:     minmay_tearing_corner, layout_rooms, dpeg_oklobed_lair,
          hellmonk_guarded_unrand_vines
Temple:   hellmonk_temple_two_chambers

Skill      XL: |  1  2  3  4  5  6  7  8  9 10 11 |
---------------+----------------------------------+-----
Hexes          | 1 2 3 4 5 7 9 11 | 11.8
Translocations | 1 2 3 4 5 7 9 10 | 10.0
Stealth        | 3 4 5 |  5.1
Spellcasting   | 4 5 6 8 |  8.0
Conjurations   | 5 6 7 8 10 | 10.9
Armour         | 3 4 |  4.0
Dodging        | |  2.4

Action                   |  1- 3 |  4- 6 |  7- 9 | 10-12 || total
-------------------------+-------+-------+-------+-------++-------
Melee: War axe           |     7 |       |       |       ||     7
       Short sword       |     2 |       |       |       ||     2
       Falchion          |       |    26 |       |       ||    26
       Punch             |       |     1 |       |       ||     1
       Whip              |       |       |    54 |     9 ||    63
 Cast: Magic Dart        |    87 |    94 |   140 |    73 ||   394
       Searing Ray       |     3 |     2 |    19 |    16 ||    40
       Fulminant Prism   |       |     2 |     8 |    12 ||    22
       Iskenderun's Myst |       |     1 |    29 |    29 ||    59
       Gell's Gravitas   |       |       |     8 |       ||     8
       Tukima's Dance    |       |       |       |     3 ||     3
       Flame Wave        |       |       |       |     8 ||     8
       Slow              |       |       |       |     2 ||     2
Evoke: Wand              |       |       |       |     1 ||     1
       Phial of floods   |       |       |       |     1 ||     1
  Use: Scroll            |       |    11 |     1 |     9 ||    21
       Potion            |       |     1 |     2 |     4 ||     7
 Stab: Sleeping          |       |       |     2 |       ||     2
Armor: Robe              |    18 |    12 |    15 |       ||    45
       Leather armour    |       |       |    37 |    25 ||    62
Dodge: Dodged            |    35 |    16 |    71 |    44 ||   166
